AoeStats
← [ KOF ] M. Kowalski

Arabia

506377274Analyzed
1v1 RM · 17d ago on Sep 13, 2026· 79m 34s· 2 players
Game mode
Random Map
Map size
Tiny (2 player)
Population
200
Speed
Normal
Resources
Standard
Victory
Conquest
Starting age
Dark Age
Ending age
Imperial Age
RankedLock teamsTeams togetherTeam positionsShared explorationLock speedFull tech treeHidden civsTurbo modeCheats
Victory
Defeat
🇩🇪 Armenians · Germany
1201
+15
🇦🇷 Khitans · Argentina
1175
-15
[ KOF ] M. Kowalski
7:10 Loom
9:02 Feudal Age
7:18 Loom
9:54 Double-Bit Axe
20:05 Fletching
29:49 Domestication
30:42 Padded Archer Armor
34:00 Forging
41:06 Castle Age
41:47 Bodkin Arrow
41:15 Crossbowman
41:40 Light Cavalry
43:08 Iron Casting
42:41 Scale Barding Armor
42:47 Pastoralism
43:31 Wheelbarrow
43:10 Bow Saw
44:11 Leather Archer Armor
44:13 Husbandry
47:14 Chain Barding Armor
50:39 Scale Mail Armor
73:12 Ballistics
73:26 Masonry
73:14 Gold Mining
tatze
7:10 Loom
9:58 Feudal Age
10:12 Man-at-Arms
21:59 Castle Age
22:15 Long Swordsman
23:57 Scale Mail Armor
23:49 Fletching
24:11 Forging
24:38 Squires
29:56 Bodkin Arrow
31:24 Elite Skirmisher
37:08 Horse Collar
37:23 Double-Bit Axe
40:44 Padded Archer Armor
41:00 Chain Mail Armor
43:05 Wheelbarrow
42:52 Bow Saw
42:49 Heavy Plow
44:36 Gold Mining
44:38 Stone Mining
45:23 Pikeman
48:00 Arson
53:48 Imperial Age
53:49 Imperial Age
57:08 Conscription
67:35 Plate Mail Armor
67:06 Bracer
66:41 Two-Handed Swordsman
68:21 Fereters
70:05 Halberdier
70:31 Gambesons
72:23 Town Watch
75:34 Bloodlines
75:24 Husbandry
76:04 Iron Casting
75:45 Leather Archer Armor
77:18 Town Patrol
77:14 Light Cavalry
77:26 Cavalier
Connection lost

Rejoining the realm…

Still unreachable

The connection could not be restored.

Session expired

The server has moved on; the page needs a fresh start.